 Dungeon Crawl Stone Soup version 0.31-a0-40-g1d5085d191 (webtiles) character file.

Game seed: 1062337796517010805

681 vineage the Poker (level 7, -11/58 HPs)
             Began as a Merfolk Fighter on May 17, 2023.
             Mangled by a gnoll sergeant
             ... wielding a +0 spear of distortion
              (14 damage)
             ... on level 5 of the Dungeon.
             The game lasted 00:03:23 (3953 turns).

vineage the Poker (Merfolk Fighter)                 Turns: 3953, Time: 00:03:24

Health: -11/58     AC:  9    Str: 18    XL:     7   Next: 61%
Magic:  7/7        EV:  7    Int: 13    God:
Gold:   232        SH: 11    Dex: 14    Spells: 6/6 levels left

rFire   + . .        a - +1 trident
rCold   + . .        c - +1 buckler
rNeg    . . .        l - +0 chain mail
rPois   .            (no helmet)
rElec   .            o - scarf {rC+ rF+}
rCorr   .            (no gloves)
SInv    .            (no boots)
Will    .....        j - amulet of reflection Stlth
                     h - +6 ring of intelligence
HPRegen 0.29/turn    (no ring)
MPRegen 0.10/turn

%: reflection
@: mighty
A: (nimble swimmer 2), mertail
a: no special abilities


You were on level 5 of the Dungeon.
You visited 2 branches of the dungeon, and saw 6 of its levels.

You collected 232 gold pieces.

Inventory:

Hand Weapons
 a - a +1 trident (weapon)
Armour
 b - a +0 scale mail
 c - a +1 buckler (worn)
 l - a +0 chain mail (worn)
 o - a scarf of resistance (worn)
Jewellery
 h - a +6 ring of intelligence (left hand)
 j - an amulet of reflection (around neck)
 q - an amulet of guardian spirit
Wands
 g - a wand of mindburst (39)
 r - a wand of iceblast (12)
Scrolls
 k - a scroll of teleportation
 n - a scroll of enchant weapon
Potions
 e - 2 potions of curing
 f - 2 potions of heal wounds {unknown}
 i - a potion of magic {unknown}
 m - 2 potions of lignification {unknown}
 p - a potion of attraction {unknown}


   Skills:
 * Level 6.1 Fighting
 * Level 6.7 Polearms
 + Level 3.2 Armour
 + Level 4.3 Shields


You had 6 spell levels left.
You didn't know any spells.
Your spell library was empty.

Dungeon Overview and Level Annotations

Branches:
Dungeon (5/15)             Temple (1/1) D:4

Altars:
Ashenzari
Cheibriados
Dithmenos
Elyvilon
Fedhas
Kikubaaqudgha
Makhleb
Nemelex Xobeh
Qazlal
Ru
Trog
Uskayaw
Vehumet
Yredelemnul
The Shining One

Annotations:
D:5 1 runed translucent door, alfthe's ghost, novice HOFi


Innate Abilities, Weirdness & Mutations

((You are very nimble when in or above water. (Stealth+, EV+, Speed+++)))
Your lower body shifts to a powerful aquatic tail in water.


Message History

The gnoll sergeant hits you but does no damage.
You reach to attack!
You barely miss the gnoll sergeant. You block the gnoll sergeant's attack.
You reach to attack!
You hit the gnoll sergeant.
The gnoll sergeant is lightly wounded.
You block the gnoll sergeant's attack.
You reach to attack!
The gnoll sergeant blocks your attack.
The gnoll sergeant is lightly wounded.
The gnoll sergeant closely misses you.
You reach to attack!
You hit the gnoll sergeant but do no damage.
The gnoll sergeant is lightly wounded.
The gnoll sergeant hits you but does no damage.
Space warps horribly around you!!
You reach to attack!
You closely miss the gnoll sergeant.
The gnoll sergeant is lightly wounded.
The gnoll sergeant hits you from afar with a +0 spear of distortion!
Space warps horribly around you!
* * * LOW HITPOINT WARNING * * *
You are too injured to fight recklessly!
You are too injured to fight recklessly!
You are too injured to fight recklessly!
You are too injured to fight recklessly!
You are too injured to fight recklessly!
You are too injured to fight recklessly!
You are too injured to fight recklessly!
You are too injured to fight recklessly!
You are too injured to fight recklessly!
You are too injured to fight recklessly!
You are too injured to fight recklessly!
You are too injured to fight recklessly!
You feel better.
The gnoll sergeant hits you but does no damage.
Space warps horribly around you!
* * * LOW HITPOINT WARNING * * *
You feel very mighty all of a sudden.
The gnoll sergeant hits you from afar with a +0 spear of distortion.
* * * LOW HITPOINT WARNING * * *
Space warps horribly around you!
You die...

######### #.......# ###
###..##...# #.##
#..@####..# ## ###..##
#...'g.##.# .# #.....###
#.#.'..##.# ###
#...##.###...####..##
..####............##....#
..##.#..................#
........................#
...†......####...########
............##.###


You could see a gnoll sergeant.

Vanquished Creatures
  Grinder (D:3)
  A sky beast (D:4)
  A scorpion (D:5)
  A hound (D:4)
  A gnoll bouda (D:5)
  An orc priest (D:3)
  An iguana (D:4)
  7 gnolls (D:5)
  5 adders
  3 worms
  4 dart slugs
  5 orcs (D:3)
  9 endoplasms
  7 giant cockroaches
  4 goblins
  8 hobgoblins
  4 jackals (D:4)
  3 quokkas
  6 ball pythons
  4 bats
  A frilled lizard (D:1)
  8 kobolds
  5 rats
90 creatures vanquished.

Notes
Turn   | Place    | Note
-------+----------+-------------------------------------------
     0 | D:1      | vineage the Merfolk Fighter began the quest for the Orb.
     0 | D:1      | Reached XP level 1. HP: 18/18 MP: 1/1
    60 | D:1      | Reached XP level 2. HP: 24/24 MP: 2/2
   424 | D:1      | Reached XP level 3. HP: 30/30 MP: 3/3
  1749 | D:3      | Reached XP level 4. HP: 21/37 MP: 4/4
  1907 | D:3      | Noticed Grinder
  1927 | D:3      | Killed Grinder
  1928 | D:3      | Reached skill level 5 in Fighting
  1928 | D:3      | Reached skill level 5 in Polearms
  1928 | D:3      | Reached XP level 5. HP: 14/44 MP: 5/5
  1928 | D:3      | Reached XP level 6. HP: 17/51 MP: 6/6
  1930 | D:3      | Found a hide-covered altar of Uskayaw.
  2209 | D:3      | Found a basalt altar of Yredelemnul.
  2699 | D:4      | Found a staircase to the Ecumenical Temple.
  2728 | Temple   | Entered the Ecumenical Temple
  3020 | D:4      | Noticed a sky beast
  3050 | D:4      | Killed a sky beast
  3051 | D:4      | Reached XP level 7. HP: 44/57 MP: 7/7
  3339 | D:5      | Entered Level 5 of the Dungeon
  3350 | D:5      | Found a runed translucent door.
  3350 | D:5      | Noticed alfthe's ghost (novice HOFi)
  3953 | D:5      | Mangled by a gnoll sergeant

Illustrated notes

Levels and vault maps discovered:
D:1:      minmay_arrival_stair_chambers, layout_rooms, serial_aquarium,
          aquarium_bridge_island_small [aquarium_subvault_small_open,
          aquarium_subvault_bridge, aquarium_subvault_wall,
          aquarium_subvault_window, aquarium_subvault_bridge],
          aquarium_bridge_straight [aquarium_subvault_bridge,
          aquarium_subvault_wall, aquarium_subvault_bridge,
          aquarium_subvault_wall], aquarium_window_2, aquarium_window_corner,
          aquarium_window_fake, aquarium_window_2, aquarium_view_2b,
          aquarium_view_2f, aquarium_balcony_5b, dk_noncrumbling_4,
          minmay_cut_off
D:2:      layout_loops_cross
D:3:      layout_loops_cross, nicolae_uskayaw_murder_on_the_dancefloor,
          mainiacjoe_overflow_cross_hatched, uniq_grinder
D:4:      layout_cave_pools, minmay_temple_entry_large_hall, minmay_crossroads
D:5:      layout_cave_pools, hellmonk_ghost_happy_afterlife, serial_gnoll_camp,
          gnoll_camp_mini_doghouse, gnoll_camp_medium_02, gnoll_camp_huts_moat,
          gnoll_camp_mini_hut, gnoll_camp_mini_hut, gnoll_camp_mini_hut,
          hellmonk_bongcloud_opening, uniq_pikel
Temple:   nicolae_temple_ecumenical_triangle

Skill      XL: |  1  2  3  4  5  6  7 |
---------------+----------------------+-----
Polearms       | 3 4 5 6 |  6.7
Fighting       | 4 5 6 |  6.1
Shields        | 4 |  4.3
Armour         | 3 |  3.2

Action                     |  1- 3 |  4- 6 |  7- 9 || total
---------------------------+-------+-------+-------++-------
  Melee: Trident           |   131 |   123 |    64 ||   318
    Use: Scroll            |     4 |     1 |       ||     5
         Potion            |       |     1 |     3 ||     4
 Armour: Scale mail        |    44 |       |       ||    44
         Chain mail        |     3 |    53 |    19 ||    75
  Dodge: Dodged            |    24 |    22 |    18 ||    64
  Block: Buckler           |    27 |    67 |    29 ||   123
         Reflection        |     1 |     1 |     1 ||     3

Table legend: (Time is in decaauts)
 A = Elapsed time spent in this place.
 B = Non-inter-level travel time spent in this place.
 C = Inter-level travel time spent in this place.
 D = Time resting spent in this place.
 E = Time spent auto-exploring this place.
 F = Levels seen in this place.
 G = Mean time per level.
                   A        B        C        D        E       F      G
               +--------+--------+--------+--------+--------+-----+--------+
         Total |   3983 |   3791 |    192 |    691 |   2463 |   6 |  663.8 |
       Dungeon |   3938 |   3760 |    178 |    691 |   2438 |   5 |  787.6 |
        Temple |     44 |     30 |     14 |      0 |     25 |   1 |   44.0 |
               +--------+--------+--------+--------+--------+-----+--------+

Top non-repeatable levels by time:
     D:4: 1039 daAuts
     D:1: 994 daAuts
     D:3: 970 daAuts
     D:2: 711 daAuts
     D:5: 223 daAuts
  Temple: 44 daAuts
